 Dungeon Crawl Stone Soup version 0.31-a0-174-g85c54bcb58 (webtiles) character file.

Game seed: 3558599959588870250

35 qw the Shooter (level 3, 0/32 HPs)
             Began as a Naga Hunter on June 15, 2023.
             Slain by a jackal (3 damage)
             ... on level 2 of the Dungeon.
             The game lasted 00:00:17 (528 turns).

qw the Shooter (Naga Hunter)                         Turns: 528, Time: 00:00:17

Health: 0/32       AC:  2    Str: 13    XL:     3   Next: 35%
Magic:  3/3        EV:  9    Int:  9    God:
Gold:   40         SH:  0    Dex: 16    Spells: 2/2 levels left

rFire   . . .        Y - +0 shortbow
rCold   . . .        (shield currently unavailable)
rNeg    . . .        c - +0 leather armour
rPois   +            (no helmet)
rElec   .            (no cloak)
rCorr   .            (no gloves)
SInv    +            (no barding)
Will    .....        (no amulet)
Stlth   ++           (no ring)
HPRegen 0.25/turn    (no ring)
MPRegen 0.08/turn

%: no passive effects
@: short of breath, very slow
A: AC +1, large, see invisible, deformed body, poison resistance, slowness 2,
spit poison 1, naga tail 1
a: Spit Poison


You were on level 2 of the Dungeon.
You visited 1 branch of the dungeon, and saw 2 of its levels.

You collected 40 gold pieces.


Innate Abilities, Weirdness & Mutations

Your serpentine skin is tough. (AC +1)
You have supernaturally acute eyesight. (SInv)
Armour fits poorly on your strangely shaped body.
Your system is resistant to poisons. (rPois)
You cover ground very slowly.
You can spit poison.
You have a snake-like lower body.


   Skills:
 - Level 2.0 Fighting
 + Level 4.6 Ranged Weapons
 - Level 1.5 Dodging
 - Level 1.5 Stealth


You had 2 spell levels left.
You didn't know any spells.
Your spell library was empty.

Inventory:

Hand Weapons
 Y - a +0 shortbow (weapon)
Armour
 c - a +0 leather armour (worn)
Potions
 d - a potion of resistance {unknown}
 e - a potion of berserk rage {unknown}
 f - a potion of enlightenment {unknown}

Dungeon Overview and Level Annotations

Branches:
Dungeon (2/15)

Altars:

Shops:
D:2 [


Message History

The jackal barely misses you. The worm bites you but does no damage.
You shoot an arrow. The arrow hits the jackal.
You kill the jackal!
The dart slug bites you.
The jackal bites you but does no damage.
You shoot an arrow. The arrow hits the worm.
The worm is lightly wounded.
You have got your breath back.
The jackal bites you. The worm bites you but does no damage.
The dart slug launches a dart at you. The slug dart hits you.
523 ||| INVOKING Spit Poison.
Aiming: Spit Poison (2% risk of failure)
Press: ? - help, Shift-Dir - straight line, f/p - worm The splash of poison misses the worm.
The jackal barely misses you. The dart slug closely misses you.
The jackal bites you but does no damage.
The worm bites you.
You shoot an arrow. The arrow hits the worm.
The worm is lightly wounded.
The jackal bites you. The dart slug bites you.
The jackal completely misses you.
You shoot an arrow. The arrow hits the worm!
The worm is severely wounded.
The jackal bites you. The worm bites you. The dart slug closely misses you.
You shoot an arrow. The arrow hits the worm!
You kill the worm!
You have got your breath back.
The jackal closely misses you. x2
527 ||| INVOKING Spit Poison.
Aiming: Spit Poison (2% risk of failure)
Press: ? - help, Shift-Dir - straight line, f - dart slug The splash of poison hits the dart slug.
The dart slug is poisoned.
The dart slug is heavily wounded.
The jackal closely misses you.
The dart slug bites you but does no damage.
You shoot an arrow. The arrow hits the dart slug!
You kill the dart slug!
The jackal bites you.
You die...

#......# #.<#
##.# #
##..###..#
#......#
#.#..#.##
#.#..#.#
#.#..#h##%#.#
#.\..@%%.....
##.#.####.###
#.#.. #.####
.. #


You could see a jackal.

Vanquished Creatures
  2 worms (D:2)
  A dart slug (D:2)
  2 ball pythons (D:1)
  A bat (D:1)
  2 endoplasms (D:1)
  A giant cockroach (D:1)
  3 goblins (D:1)
  2 hobgoblins (D:1)
  3 jackals (D:2)
  A quokka (D:1)
  2 frilled lizards (D:1)
  2 kobolds (D:1)
  8 rats (D:1)
30 creatures vanquished.

Notes
Turn   | Place    | Note
-------+----------+-------------------------------------------
     0 | D:1      | qw the Naga Hunter began the quest for the Orb.
     0 | D:1      | Reached XP level 1. HP: 19/19 MP: 1/1
     0 | D:1      | 0 ||| qw: Version: 0.2-a-29-g511e9b1
     0 | D:1      | 0 ||| qw: Game counter: 5450
     0 | D:1      | 0 ||| qw: Always use a shield: true
     0 | D:1      | 0 ||| qw: God list: Okawaru
     0 | D:1      | 0 ||| qw: Allow faded altars: false
     0 | D:1      | 0 ||| qw: Do Orc after D:15 true
     0 | D:1      | 0 ||| qw: Do second Lair branch before Depths: true
     0 | D:1      | 0 ||| qw: Lair rune preference: random
     0 | D:1      | 0 ||| qw: Plans: Normal
     0 | D:1      | 0 ||| PLANNING D:1-11
    13 | D:1      | 13 ||| INVOKING Spit Poison.
    50 | D:1      | 50 ||| INVOKING Spit Poison.
    54 | D:1      | 54 ||| INVOKING Spit Poison.
   109 | D:1      | 109 ||| INVOKING Spit Poison.
   114 | D:1      | 114 ||| INVOKING Spit Poison.
   118 | D:1      | Reached skill level 4 in Ranged Weapons
   118 | D:1      | Reached XP level 2. HP: 26/26 MP: 2/2
   120 | D:1      | 120 ||| INVOKING Spit Poison.
   193 | D:1      | 193 ||| INVOKING Spit Poison.
   218 | D:1      | 218 ||| INVOKING Spit Poison.
   221 | D:1      | 221 ||| INVOKING Spit Poison.
   237 | D:1      | 237 ||| INVOKING Spit Poison.
   260 | D:1      | 260 ||| INVOKING Spit Poison.
   347 | D:1      | 347 ||| INVOKING Spit Poison.
   353 | D:1      | 353 ||| INVOKING Spit Poison.
   386 | D:1      | 386 ||| INVOKING Spit Poison.
   407 | D:1      | 407 ||| INVOKING Spit Poison.
   453 | D:1      | 453 ||| INVOKING Spit Poison.
   454 | D:1      | Reached XP level 3. HP: 32/32 MP: 3/3
   465 | D:1      | 465 ||| READING scroll labelled BEMARHAUPE.
   466 | D:1      | 466 ||| READING scroll labelled KANATA ISOSANEC.
   469 | D:1      | 469 ||| DROPPING scroll of butterflies.
   497 | D:2      | Found Nagujak's Antique Armour Shoppe.
   505 | D:2      | 505 ||| INVOKING Spit Poison.
   509 | D:2      | 509 ||| INVOKING Spit Poison.
   513 | D:2      | 513 ||| INVOKING Spit Poison.
   517 | D:2      | 517 ||| INVOKING Spit Poison.
   523 | D:2      | 523 ||| INVOKING Spit Poison.
   523 | D:2      | HP: 7/32 [worm (4)]
   525 | D:2      | HP: 2/32 [worm (3)]
   527 | D:2      | 527 ||| INVOKING Spit Poison.
   528 | D:2      | Slain by a jackal

Levels and vault maps discovered:
D:1:      dpeg_arrival_ratfight, layout_basic
D:2:      layout_loops_ring, serial_shops, shop, nicolae_shop_hallway_stairs,
          nicolae_shop_gibbet_a_chance, nicolae_shop_behind_doors,
          nicolae_shop_tiny_statue_garden, uniq_natasha

Skill      XL: |  1 |
---------------+----+-----
Ranged Weapons | 4 |  4.6
Fighting       | |  2.0
Dodging        | |  1.5
Stealth        | |  1.5

Action                     || total
---------------------------++-------
   Fire: Shortbow          ||    53
Ability: Spit Poison       ||    22
    Use: Scroll            ||     2
 Armour: Leather armour    ||    13
  Dodge: Dodged            ||    30

Table legend:
 A = Non-vault XP
 B = Vault XP
 C = Vault XP percentage of total XP
 D = Non-vault monster count
 E = Vault monster count
 F = Vault count percentage of total count
                 A         B        C        D         E       F
            +---------+---------+-------+---------+---------+-------
      Total |      50 |       5 |   9.1 |      25 |       5 |  16.7
            +---------+---------+-------+---------+---------+-------
        D:1 |      30 |       5 |  14.3 |      19 |       5 |  20.8
        D:2 |      20 |       0 |   0.0 |       6 |       0 |   0.0
            +---------+---------+-------+---------+---------+-------
